 Dungeon Crawl Stone Soup version 0.31.0 (webtiles) character file.

Game seed: 7554493044706989461

154 qw the Shooter (level 5, -2/32 HPs)
             Began as a Gargoyle Hunter on Jan 19, 2024.
             Slain by a gnoll
             ... wielding a +0 halberd
              (8 damage)
             ... on level 2 of the Dungeon.
             The game lasted 00:00:06 (1539 turns).

qw the Shooter (Gargoyle Hunter)                    Turns: 1539, Time: 00:00:07

Health: -2/32      AC:  8    Str: 18    XL:     5   Next: 35%
Magic:  5/5        EV: 11    Int:  9    God:
Gold:   64         SH:  0    Dex: 15    Spells: 4/4 levels left

rFire   . . .        a - +0 shortbow
rCold   . . .        (shield currently unavailable)
rNeg    + . .        c - +0 leather armour
rPois   inf          (no helmet)
rElec   +            (no cloak)
rCorr   .            e - +0 pair of gloves {Str+3}
SInv    .            (no boots)
Will    .....        (no amulet)
Stlth   ++           (no ring)
HPRegen 0.25/turn    (no ring)
MPRegen 0.09/turn

%: no passive effects
@: no status effects
A: sickness immunity, AC +4, negative energy resistance 1, electricity
resistance, torment resistance 1, petrification resistance
a: no special abilities


You were on level 2 of the Dungeon.
You visited 1 branch of the dungeon, and saw 2 of its levels.

You collected 64 gold pieces.


Innate Abilities, Weirdness & Mutations

You are immune to sickness and miasma.
Your stone body is resilient. (AC +4)
You are immune to poison.
You resist negative energy. (rN+)
You are resistant to electric shocks. (rElec)
You are resistant to unholy torment.
You are immune to petrification.


   Skills:
 - Level 3.3 Fighting
 - Level 6.0 Ranged Weapons
 + Level 0.0 Armour
 - Level 1.5 Dodging
 - Level 1.1 Stealth


You had 4 spell levels left.
You didn't know any spells.
Your spell library was empty.

Inventory:

Hand Weapons
 a - a +0 shortbow (weapon)
Armour
 c - a +0 leather armour (worn)
 e - a +0 pair of gloves of strength (worn)
 l - the +3 leather armour of the Apprentice {rPois rC+ Int+3 Stlth+}
   (You found it on level 2 of the Dungeon)

   Int+3:     It affects your intelligence (+3).
   rC+:       It protects you from cold.
   rPois:     It protects you from poison Stlth+: It makes you more stealthy.
 n - a scarf of harm
Jewellery
 k - a ring of protection from cold
Scrolls
 b - 2 scrolls of teleportation {unknown}
 d - a scroll of identify {unknown}
 h - a scroll of amnesia {unknown}
 m - a scroll of enchant weapon {unknown}
 o - a scroll of vulnerability {unknown}
Potions
 f - a potion of invisibility {unknown}
 g - a potion of brilliance {unknown}
 i - a potion of berserk rage {unknown}
 j - a potion of degeneration {unknown}

Dungeon Overview and Level Annotations

Branches:
Dungeon (2/15)

Altars:


Message History

You shoot an arrow. The arrow completely misses the gnoll.
The gnoll hits you from afar with a +0 spear.
The gnoll hits you from afar with a +0 halberd!
You shoot an arrow.
The arrow hits the gnoll but does no damage.
The gnoll is heavily wounded.
The gnoll closely misses you. x2
You shoot an arrow. The arrow closely misses the gnoll.
The gnoll hits you but does no damage.
The gnoll hits you from afar with a +0 halberd!
The gnoll closely misses you. x2
1532 ||| DRINKING potion of heal wounds.
You feel much better. The gnoll hits you but does no damage.
The gnoll barely misses you.
You shoot an arrow. The arrow hits the kobold.
You kill the kobold!
The gnoll barely misses you. x2
You shoot an arrow. The arrow hits the gnoll.
The gnoll is almost dead.
The gnoll hits you from afar with a +0 spear.
The gnoll barely misses you.
You shoot an arrow.
The arrow hits the gnoll but does no damage.
The gnoll is almost dead.
The gnoll misses you.
The gnoll hits you from afar with a +0 halberd!
You shoot an arrow. The arrow hits the gnoll.
You kill the gnoll!
The gnoll misses you.
Your Ranged Weapons skill increases to level 6!
You shoot an arrow. The arrow hits the gnoll.
The gnoll is moderately wounded.
The gnoll hits you from afar with a +0 halberd!
You shoot an arrow. The arrow barely misses the gnoll.
The gnoll barely misses you. The gnoll closely misses you.
You shoot an arrow. The arrow hits the gnoll.
The gnoll is heavily wounded.
The gnoll misses you. The gnoll barely misses you.
The gnoll hits you from afar with a +0 halberd!
You die...

#### ..# #.#
###.####
#g.@...#
#..).g#)##.#
#.......##.#
..########.##
# #..# ##.#
######### #.#
### #.......#
#.# ..#
#.......# #.#


You could see 2 gnolls.

Vanquished Creatures
  A bombardier beetle (D:2)
  Jessica (D:2)
  Terence (D:2)
  2 gnolls (D:2)
  An adder (D:2)
  2 ribbon worms (D:2)
  2 dart slugs (D:2)
  4 ball pythons
  A bat (D:2)
  An endoplasm (D:2)
  A giant cockroach (D:2)
  5 goblins
  3 hobgoblins
  3 quokkas
  4 frilled lizards
  7 kobolds
  2 rats
41 creatures vanquished.

Notes
Turn   | Place    | Note
-------+----------+-------------------------------------------
     0 | D:1      | qw the Gargoyle Hunter began the quest for the Orb.
     0 | D:1      | Reached XP level 1. HP: 12/12 MP: 1/1
     0 | D:1      | 0 ||| qw: Version: 0.3-a-132-g3d54051
     0 | D:1      | 0 ||| qw: Game counter: 345
     0 | D:1      | 0 ||| qw: Melee chars always use a shield: true
     0 | D:1      | 0 ||| qw: God list: Okawaru
     0 | D:1      | 0 ||| qw: Allow faded altars: false
     0 | D:1      | 0 ||| qw: Do Orc after clearing Dungeon:15 true
     0 | D:1      | 0 ||| qw: Do second Lair branch before Depths: true
     0 | D:1      | 0 ||| qw: Lair rune preference: random
     0 | D:1      | 0 ||| qw: Goals: Normal
     0 | D:1      | 0 ||| PLANNING D:1-11
   159 | D:1      | Reached XP level 2. HP: 17/17 MP: 2/2
   673 | D:1      | 673 ||| UPGRADING to +0 pair of gloves of strength.
   678 | D:1      | 678 ||| READING scroll labelled ZEUBU VYCHIM.
   679 | D:1      | 679 ||| READING 2 scrolls labelled ONINNA TUOCIAZ.
   680 | D:1      | 680 ||| DRINKING 2 emerald potions.
   681 | D:1      | 681 ||| DROPPING scroll of butterflies.
   682 | D:1      | 682 ||| DROPPING scroll of fear.
   730 | D:2      | Noticed Terence
   739 | D:2      | HP: 4/17 [Terence/+0 mace (2)]
   740 | D:2      | 740 ||| DRINKING potion of heal wounds.
   745 | D:2      | Killed Terence
   746 | D:2      | Reached skill level 5 in Ranged Weapons
   746 | D:2      | Reached XP level 3. HP: 13/21 MP: 3/3
   746 | D:2      | 746 ||| FLEEEEING.
   779 | D:2      | 779 ||| FLEEEEING.
   780 | D:2      | 780 ||| FLEEEEING.
   781 | D:2      | 781 ||| FLEEEEING.
   974 | D:2      | Found a faded altar of an unknown god.
  1024 | D:2      | Reached XP level 4. HP: 26/27 MP: 4/4
  1035 | D:2      | Noticed Jessica
  1044 | D:2      | Killed Jessica
  1045 | D:2      | Reached skill level 3 in Fighting
  1176 | D:2      | Identified the +3 leather armour of the Apprentice {rPois
                  | rC+ Int+3 Stlth+}
  1400 | D:2      | Reached XP level 5. HP: 24/32 MP: 5/5
  1400 | D:2      | 1400 ||| FLEEEEING.
  1531 | D:2      | HP: 7/32 [gnoll/+0 halberd (11)]
  1532 | D:2      | 1532 ||| DRINKING potion of heal wounds.
  1537 | D:2      | Reached skill level 6 in Ranged Weapons
  1537 | D:2      | HP: 6/32 [gnoll/+0 halberd (10)]
  1539 | D:2      | Slain by a gnoll

Levels and vault maps discovered:
D:1:      dpeg_arrival_round_a, layout_loops_ring
D:2:      layout_loops_cross, shapermc_ecumenical_altar_venn, uniq_terence,
          uniq_jessica

Skill      XL: |  1  2  3  4  5 |
---------------+----------------+-----
Ranged Weapons | 5 6 |  6.0
Fighting       | 3 |  3.3
Dodging        | |  1.5
Stealth        | |  1.1

Action                     |  1- 3 |  4- 6 || total
---------------------------+-------+-------++-------
   Fire: Shortbow          |    98 |    61 ||   159
    Use: Potion            |     2 |     1 ||     3
         Scroll            |     2 |       ||     2
 Armour: Leather armour    |    22 |    38 ||    60
  Dodge: Dodged            |    22 |    37 ||    59

Table legend:
 A = Non-vault XP
 B = Vault XP
 C = Vault XP percentage of total XP
 D = Non-vault monster count
 E = Vault monster count
 F = Vault count percentage of total count
                 A         B        C        D         E       F
            +---------+---------+-------+---------+---------+-------
      Total |     147 |      73 |  33.2 |      39 |       2 |   4.9
            +---------+---------+-------+---------+---------+-------
        D:1 |      26 |       0 |   0.0 |      18 |       0 |   0.0
        D:2 |     121 |      73 |  37.6 |      21 |       2 |   8.7
            +---------+---------+-------+---------+---------+-------
